 Dungeon Crawl Stone Soup version 0.22-a0-775-ga7d80019b5 (webtiles) character file.

75 Mirvelgyr the Chopper (level 4, 40/40 HPs)
             Began as a Minotaur Berserker on July 18, 2018.
             Was a Believer of Trog.
             Got out of the dungeon alive.
             The game lasted 00:02:02 (1208 turns).

Mirvelgyr the Chopper (Minotaur Berserker)          Turns: 1208, Time: 00:02:03

Health: 40/40      AC:  2    Str: 22    XL:     4   Next: 11%
Magic:  3/3        EV: 11    Int:  2    God:    Trog [**....]
Gold:   82         SH:  0    Dex: 10    Spells: 3/3 levels left

rFire    . . .     SeeInvis .   a - +0 hand axe
rCold    . . .     Gourm    .   (no shield)
rNeg     . . .     Faith    .   b - +0 animal skin
rPois    .         Spirit   .   (helmet restricted)
rElec    .         Reflect  .   (no cloak)
rCorr    .         Harm     .   (no gloves)
MR       .....                  (no boots)
Stlth    +.........             (no amulet)
HPRegen  0.13/turn              n - -2 ring of intelligence (curse)
MPRegen  0.08/turn              (no ring)

@: heavily drained
A: retaliatory headbutt, horns 2
a: Berserk, Trog's Hand, Renounce Religion


You escaped.
You worshipped Trog.
Trog was pleased with you.
You were not hungry.

You visited 1 branch of the dungeon, and saw 2 of its levels.

You collected 82 gold pieces.

Inventory:

Hand Weapons
 a - a +0 hand axe (weapon)
Armour
 b - a +0 animal skin (worn)
Jewellery
 n - a cursed -2 ring of intelligence (left hand)
Scrolls
 d - 2 scrolls of immolation {unknown}
 e - a scroll of fear {unknown}
 g - 2 scrolls of identify {unknown}
 k - a scroll of teleportation {unknown}
 m - a scroll of enchant weapon {unknown}
Potions
 h - a potion of degeneration {unknown}
 i - a potion of resistance {unknown}
 j - 2 potions of curing {unknown}
Comestibles
 c - 2 rations
 f - 6 chunks of flesh


   Skills:
 - Level 3.8(2.1) Fighting
 + Level 5.9(4.1) Axes
 - Level 2.4(0.8) Armour
 - Level 2.2(0.6) Dodging


You had 3 spell levels left.
You didn't know any spells.
Your spell library was empty.

Dungeon Overview and Level Annotations

Branches:
Dungeon (2/15)

Altars:


Innate Abilities, Weirdness & Mutations

You reflexively headbutt those who attack you in melee.
You have a pair of horns on your head.


Message History

There is a stone staircase leading down here.
Some of the chunks of flesh in your inventory have rotted away.
There is an open door here.
There is an open door here.
There is an open door here.
There is an open door here.
There is an open door here.
There is an open door here.
There is a dry fountain here.
There is an open door here.
There is an open door here.
There is an open door here.
There is an open door here.
There is a staircase leading out of the dungeon here.
Are you sure you want to leave the Dungeon?
This will make you lose the game!
Uppercase [Y]es or [N]o only, please.
Are you sure you want to leave the Dungeon?
This will make you lose the game!
Uppercase [Y]es or [N]o only, please.
Are you sure you want to leave the Dungeon?
This will make you lose the game!
You have escaped!

#...'.⌠.'...'...#
#...#...#...#...#
##'###########'## #
#...#...#...#...# #
#...#...'.(.#...# #
#...#...#...#...# #
##'###'###'###'## #
#...#...#...#...# #
#...'.@.#.⌠.#...# #
#...#...#...#...# #
##############'## #
#...#...#...#...### #
#...'...'...'...'.# #
#...#...#...#...#.# #
#################.#####
#..).......#
#.########.#


There were no monsters in sight!

Vanquished Creatures
  A gnoll (D:1)
  An adder (D:2)
  2 oozes
  2 dart slugs (D:1)
  2 leopard geckos (D:2)
  3 giant cockroaches (D:1)
  3 goblins
  12 hobgoblins
  2 kobolds
  A quokka (D:2)
  5 bats
  A frilled lizard (D:2)
  4 rats
39 creatures vanquished.

Notes
Turn   | Place    | Note
-------+----------+-------------------------------------------
     0 | D:1      | Mirvelgyr the Minotaur Berserker began the quest for the Orb.
     0 | D:1      | Reached XP level 1. HP: 19/19 MP: 0/0
   229 | D:1      | Reached skill level 4 in Axes
   229 | D:1      | Reached XP level 2. HP: 17/27 MP: 1/1
   468 | D:1      | Reached XP level 3. HP: 23/33 MP: 2/2
   470 | D:1      | Reached skill level 5 in Axes
  1008 | D:2      | Reached ** piety under Trog
  1045 | D:2      | Reached XP level 4. HP: 36/40 MP: 3/3
  1208 | D:$      | Got out of the dungeon alive.

Vault maps used:
D:1:      co_arrival_random_square_maze
D:2:      cheibrodos_greedy_goblins, minmay_statues_item

Skill      XL: |  1  2  3 |
---------------+----------+-----
Axes           | 4 5 |  5.9
Fighting       | |  3.8
Armour         | |  2.4
Dodging        | |  2.2

Action                   |  1- 3 |  4- 6 || total
-------------------------+-------+-------++-------
Melee: Hand axe          |    61 |     8 ||    69
       Headbutt          |     9 |     1 ||    10
Invok: Berserk           |     1 |       ||     1
  Eat: Chunk             |     1 |     1 ||     2
Armor: Animal skin       |     8 |     1 ||     9
Dodge: Dodged            |    25 |     2 ||    27

Table legend:
 A = Spawn XP
 B = Non-spawn XP
 C = Spawn XP percentage of total XP
 D = Spawn monster count
 E = Non-spawn monster count
 F = Spawn count percentage of total count
 G = Total turns spent on level
                    A         B        C        D         E        F      G
               +---------+---------+-------+---------+---------+-------+---------
         Total |       0 |     108 |   0.0 |       0 |      39 |   0.0 |  1208
               +---------+---------+-------+---------+---------+-------+---------
           D:1 |       0 |      55 |   0.0 |       0 |      20 |   0.0 |   961
           D:2 |       0 |      53 |   0.0 |       0 |      19 |   0.0 |   247
               +---------+---------+-------+---------+---------+-------+---------
